 Dungeon Sprint DCSS version 0.22.0-13-g43fe8f2 (webtiles) character file.

4500000 poirepourri the Middleweight Champion (level 24, -55/249 HPs)
             Began as a Ghoul Gladiator on Aug 16, 2018.
             Was the Champion of Makhleb.
             Annihilated by The Servant
             ... wielding a +9 glaive of flaming
              (125 damage)
             ... in the Dungeon (Sprint VIII: "Arena of Blood").
             The game lasted 00:01:00 (45 turns).

poirepourri the Middleweight Champion (GhGl)          Turns: 45, Time: 00:01:01

Health: -55/249    AC:  8    Str: 21    XL:     24   Next: 73%
Magic:  23/53      EV: 33    Int:  3    God:    Makhleb [******]
Gold:   0          SH:  0    Dex: 18    Spells: 77/77 levels left

rFire    . . .     SeeInvis .   k - +∞ Axe of Woe
rCold    + . .     Gourm    .   (shield currently unavailable)
rNeg     + + +     Faith    .   a - +0 leather armour
rPois    ∞         Spirit   .   b - +0 helmet
rElec    .         Reflect  .   (no cloak)
rCorr    .         Harm     .   (no gloves)
MR       +....     NoTele   +   (no boots)
Stlth    +++++++++.             (no amulet)
HPRegen  0.00/turn              (no ring)
MPRegen  0.33/turn              (no ring)

@: rotting
A: rotting body, claws 1, carnivore, cold resistance 1, negative energy
resistance 3, inhibited regeneration, torment resistance, unbreathing
a: Minor Destruction, Lesser Servant of Makhleb, Major Destruction, Greater
Servant of Makhleb, Renounce Religion


You were in the Dungeon.
You worshipped Makhleb.
Makhleb was exalted by your worship.
You were not hungry.

You visited 1 branch

Inventory:

Hand Weapons
 k - the +∞ Axe of Woe (weapon)
   (You found it in the Dungeon)
Missiles
 c - 3 throwing nets (quivered)
Armour
 a - a +0 leather armour (worn)
 b - a +0 helmet (worn)
Scrolls
 j - a scroll of blinking
Potions
 e - a potion of curing
 f - a potion of heal wounds
 g - a potion of haste
 h - 2 potions of magic
 i - a potion of berserk rage
Comestibles
 d - a ration


   Skills:
 O Level 27 Fighting
 O Level 27 Axes
 O Level 27 Throwing
 O Level 27 Armour
 O Level 27 Dodging
 O Level 27 Stealth
 O Level 27 Unarmed Combat
 O Level 27 Spellcasting
 O Level 27 Invocations


You had 77 spell levels left.
You didn't know any spells.
Your spell library was empty.

Dungeon Overview and Level Annotations

Branches:
Dungeon (1/1)

Altars:
Makhleb

Annotations:
D The Servant


Innate Abilities, Weirdness & Mutations

Your body is rotting away.
You thrive on raw meat.
You are immune to poison.
You have sharp fingernails.
You are carnivorous and can eat meat at any time.
Your flesh is cold resistant. (rC+)
You are immune to negative energy. (rN+++)
You do not regenerate when monsters are visible.
You are immune to unholy pain and torment.
You can survive without breathing.


Message History

You butcher the small abomination messily.
You destroy the small abomination!
Makhleb accepts your kill.
You feel better.
You are engulfed in blazing flames.
You hear a shout! x6
The small abomination is engulfed in blazing flames.
The tyrant waves its bony arms in wide circles.
The air twists around and strikes you!
You hear a shout!
A meat berserker comes into view. It is wielding a +9 battleaxe.
You hear a shout!
You slice the small abomination!!
You hew the small abomination savagely.
You destroy the small abomination!
Makhleb accepts your kill.
You are engulfed in blazing flames.
* * * LOW HITPOINT WARNING * * *
You hear a shout! x3
The Servant hits you from afar with a +9 glaive of flaming!!!!
Ouch! That really hurt!
You die...

..o.........
..o........
..oo.......
.........o
#..o.x.z#
#.o.o.o.# .
.###..Oz§o@###.O.
......###§§...%..
..%..%O_@)§......
....#.))).#......
. #_)<._#......
#.....# .....
....._.........
..L...###........
.###.. ...###...
#.. ...# #.. ..#


You could see a tyrant, The Servant, a sculptor of flesh, 2 meat berserkers and
3 bags of meat.

Vanquished Creatures
  4 vampire knights (D)
  7 ogres (D)
  3 two-headed ogres (D)
  17 orcs (D)
  2 skeletal warriors (D)
  A large abomination (D)
  3 small abominations (D)
  A crawling corpse (D)
38 creatures vanquished.

Notes
Turn   | Place    | Note
-------+----------+-------------------------------------------
     0 | D        | Found the +∞ Axe of Woe
     0 | D        | poirepourri the Ghoul Gladiator began the quest for the Orb.
     0 | D        | Reached XP level 1. HP: 17/17 MP: 0/0
     4 | D        | Became a worshipper of Makhleb the Destroyer
     5 | D        | Noticed a bag of meat
     5 | D        | Noticed a bag of meat
     6 | D        | Noticed a bag of meat
     6 | D        | Noticed a bag of meat
     8 | D        | Noticed a meat berserker
     8 | D        | Noticed a bag of meat
    10 | D        | Killed a bag of meat
    10 | D        | Reached XP level 2. HP: 40/40 MP: 1/1
    10 | D        | Reached XP level 3. HP: 47/47 MP: 2/2
    10 | D        | Reached XP level 4. HP: 55/55 MP: 3/3
    10 | D        | Reached XP level 5. HP: 61/61 MP: 4/4
    10 | D        | Reached XP level 6. HP: 68/68 MP: 5/5
    10 | D        | Reached XP level 7. HP: 74/74 MP: 6/6
    10 | D        | Reached XP level 8. HP: 82/82 MP: 7/7
    10 | D        | Reached XP level 9. HP: 89/89 MP: 8/8
    10 | D        | Reached XP level 10. HP: 96/96 MP: 9/9
    10 | D        | Reached XP level 11. HP: 102/102 MP: 10/10
    10 | D        | Reached XP level 12. HP: 110/110 MP: 11/11
    11 | D        | Killed a bag of meat
    11 | D        | Reached * piety under Makhleb
    11 | D        | Reached skill level 5 in Axes
    11 | D        | Reached skill level 10 in Throwing
    11 | D        | Reached XP level 13. HP: 119/119 MP: 12/12
    11 | D        | Killed a meat berserker
    11 | D        | Reached XP level 14. HP: 133/133 MP: 13/13
    11 | D        | Killed a bag of meat
    11 | D        | Reached skill level 15 in Fighting
    11 | D        | Reached XP level 15. HP: 141/141 MP: 14/14
    12 | D        | Reached ** piety under Makhleb
    12 | D        | Reached skill level 10 in Axes
    12 | D        | Noticed a large bag of meat
    13 | D        | Reached skill level 27 in Unarmed Combat
    13 | D        | Reached XP level 16. HP: 154/154 MP: 15/15
    18 | D        | Killed a large bag of meat
    18 | D        | Reached *** piety under Makhleb
    18 | D        | Reached skill level 15 in Axes
    18 | D        | Reached skill level 27 in Dodging
    18 | D        | Reached XP level 17. HP: 112/168 MP: 16/16
    20 | D        | Reached **** piety under Makhleb
    20 | D        | Noticed a meat berserker
    22 | D        | Reached XP level 18. HP: 190/190 MP: 17/17
    23 | D        | Reached skill level 5 in Armour
    24 | D        | Killed a meat berserker
    24 | D        | Reached XP level 19. HP: 205/205 MP: 18/18
    25 | D        | Noticed a destroyer
    25 | D        | Noticed a meat berserker
    26 | D        | Noticed a large bag of meat
    26 | D        | Noticed a meat berserker
    27 | D        | Killed a destroyer
    27 | D        | Reached ***** piety under Makhleb
    27 | D        | Reached skill level 27 in Fighting
    27 | D        | Reached skill level 27 in Axes
    27 | D        | Noticed a meat berserker
    27 | D        | Noticed a destroyer
    28 | D        | Noticed The Servant
    28 | D        | Noticed a sculptor of flesh
    28 | D        | Noticed a large bag of meat
    30 | D        | Reached skill level 27 in Throwing
    30 | D        | Reached XP level 20. HP: 216/216 MP: 19/19
    31 | D        | Noticed a destroyer
    32 | D        | Killed a meat berserker
    33 | D        | Killed a destroyer
    33 | D        | Reached skill level 27 in Armour
    33 | D        | Reached XP level 21. HP: 224/224 MP: 20/20
    33 | D        | Killed a destroyer
    33 | D        | Killed a meat berserker
    33 | D        | Reached ****** piety under Makhleb
    33 | D        | Reached XP level 22. HP: 233/233 MP: 20/41
    35 | D        | Killed a large bag of meat
    35 | D        | Noticed a destroyer
    36 | D        | Reached skill level 27 in Stealth
    36 | D        | Reached skill level 27 in Invocations
    37 | D        | Reached XP level 23. HP: 240/240 MP: 20/49
    40 | D        | Killed a destroyer
    40 | D        | Reached skill level 27 in Spellcasting
    43 | D        | Killed a large bag of meat
    43 | D        | Reached XP level 24. HP: 110/249 MP: 22/53
    43 | D        | Noticed a tyrant
    45 | D        | Annihilated by The Servant

Skill      XL: |  1  2  3  4  5  6  7  8  9 10 11 12 13 14 15 16 17 18 19 20 21 22 23 |
---------------+----------------------------------------------------------------------+-----
Fighting       | 11 12 14 15 16 19 23 26 27 | 27.0
Axes           | 3 5 7 9 11 15 21 25 27 | 27.0
Throwing       | 9 10 12 14 16 19 21 27 | 27.0
Dodging        | 16 18 21 22 24 27 | 27.0
Unarmed Combat | 19 21 24 25 27 | 27.0
Armour         | 2 4 6 14 27 | 27.0
Stealth        | 22 27 | 27.0
Spellcasting   | 16 23 27 | 27.0
Invocations    | 20 27 | 27.0

Action                   |  1- 3 |  4- 6 |  7- 9 | 10-12 | 13-15 | 16-18 | 19-21 | 22-24 || total
-------------------------+-------+-------+-------+-------+-------+-------+-------+-------++-------
Melee: Executioner's axe |     1 |       |       |     1 |     2 |     6 |     5 |    10 ||    25
Dodge: Dodged            |       |       |       |       |       |     2 |     1 |     1 ||     4
